 Dungeon Sprint DCSS version 0.31-a0-743-g45f7035092 (webtiles) character file.

Game seed: 396851596572979816

14053 sircluck the Brawler (level 11, 0/132 HPs)
             Began as a Troll Berserker on Sept 12, 2023.
             Was the Champion of Trog.
             Slain by a catoblepas (4 damage)
             ... while petrified by a catoblepas
             ... in the Dungeon (Sprint VII: "The Pits").
             The game lasted 00:07:59 (1845 turns).

sircluck the Brawler (Troll Berserker)              Turns: 1845, Time: 00:07:59

Health: 0/132      AC:  6    Str: 34    XL:     11   Next: 83%
Magic:  0/10       EV:  1    Int:  3    God:    Trog [******]
Gold:   19         SH:  0    Dex:  9    Spells: 10/10 levels left

rFire   . .          .
                       - Unarmed
rCold   . . .        (no shield)
rNeg    + + +        p - +0 troll leather armour
rPois   ∞            (helmet restricted)
rElec   .            o - +0 cloak
rCorr   .            (gloves unavailable)
SInv    +            (boots unavailable)
Will    .....        t - amulet of guardian spirit
Stlth   +            A - ring of see invisible
HPRegen 2.02/turn    g - +3 ring of strength
MPRegen 0.12/turn

%: no teleportation, guardian spirit
@: petrified, slowed
A: large, unfitting armour, claws 3, regeneration 1, shaggy fur 1, tough skin 1
a: Renounce Religion, Berserk, Trog's Hand, Brothers in Arms


You were in the Dungeon.
You worshipped Trog.
Trog was exalted by your worship.
You visited 1 branch You collected 19 gold pieces.

Inventory:

Missiles
 r - 4 large rocks (quivered)
 s - a throwing net
 z - 2 poisoned darts
 B - 4 javelins
 C - 4 boomerangs
 D - 5 silver javelins
Armour
 a - a +0 animal skin
 o - a +0 cloak (worn)
 p - a +0 troll leather armour (worn)
 q - a +0 troll leather armour
Jewellery
 g - a +3 ring of strength (right claw)
 k - a +3 ring of intelligence
 t - an amulet of guardian spirit (around neck)
 u - a ring of poison resistance
 A - a ring of see invisible (left claw)
Scrolls
 i - 2 scrolls of vulnerability
 j - a scroll of summoning
 v - 5 scrolls of identify
 w - 2 scrolls of blinking
 x - 2 scrolls of enchant weapon
 y - 6 scrolls of enchant armour
Potions
 b - 5 potions of curing
 c - 4 potions of heal wounds
 d - 4 potions of haste
 e - 4 potions of magic
 f - 3 potions of berserk rage
 h - a potion of invisibility
 l - 2 potions of mutation
 m - 2 potions of resistance
 n - a potion of might


   Skills:
 + Level 15.1 Fighting
 + Level 15.0 Dodging
 + Level 17.5 Unarmed Combat


You had 10 spell levels left.
You didn't know any spells.
Your spell library was empty.

Dungeon Overview and Level Annotations

Branches:
Dungeon (1/1)

Altars:
Ashenzari
Cheibriados
Dithmenos
Elyvilon
Fedhas
Gozag
Hepliaklqana
Kikubaaqudgha
Makhleb
Nemelex Xobeh
Okawaru
Qazlal
Ru
Sif Muna
Trog
Uskayaw
Vehumet
Wu Jian
Xom
Yredelemnul
Zin
The Shining One
Jiyva
Lugonu


Innate Abilities, Weirdness & Mutations

You are too large for most types of armour.
You have claws for hands.
Your natural rate of healing is unusually fast.
You are covered in fur. (AC +1)
You have tough skin. (AC +1)


Message History

The wraith hits you.
* * * LOW HITPOINT WARNING * * *
The wraith drains your vigour!
You feel as though you will be slow longer.
You are engulfed in calcifying dust.
The catoblepas gores you!
* * * LOW HITPOINT WARNING * * *
The wraith hits you. The wraith drains your vigour!
You feel as though you will be slow longer.
You are engulfed in calcifying dust.
The catoblepas gores you!!
* * * LOW HITPOINT WARNING * * *
The wraith hits you but does no damage.
You turn to flesh and can move again.
You feel much better.
You are engulfed in calcifying dust.
You are slowing down.
The catoblepas gores you.
* * * LOW HITPOINT WARNING * * *
The wraith hits you!
* * * LOW HITPOINT WARNING * * *
You scratch the catoblepas but do no damage.
The catoblepas is severely wounded.
You are engulfed in calcifying dust.
Your limbs have turned to stone.
The catoblepas gores you!!
* * * LOW HITPOINT WARNING * * *
The wraith hits you!
* * * LOW HITPOINT WARNING * * *
The catoblepas gores you.
* * * LOW HITPOINT WARNING * * *
The wraith hits you but does no damage.
You have turned to stone.
You are engulfed in calcifying dust.
The catoblepas breathes a plume of calcifying dust at you.
The blast of calcifying dust hits you.
* * * LOW HITPOINT WARNING * * *
The wraith hits you but does no damage.
The catoblepas gores you but does no damage.
The wraith hits you!
* * * LOW HITPOINT WARNING * * *
The wraith drains your vigour!
You feel as though you will be slow longer.
The catoblepas gores you!
You die...

.........# .........#
.#....#..# .........+
.........+ #++####++#
#++########################
#..........W...............
#.......§§@Y.......Y.W.....
#..##############++########
#..# #..# #..# #..# #..#
#..# #######..#


You could see a catoblepas and a wraith.

Vanquished Creatures
  A minotaur (D)
  A merfolk aquamancer (D)
  A demonic crawler (D)
  3 phantasmal warriors (D)
  A necromancer (D)
  An orc knight (D)
  A cyclops (D)
  2 elephants (D)
  A black mamba (D)
  A molten gargoyle (D)
  Joseph (D)
  2 trolls (D)
  7 blink frogs (D)
  6 dream sheep (D)
  A flying skull (D)
  A wyvern (D)
  A fire elemental (D)
  8 yaks (D)
  2 water elementals (D)
  A fire bat (D)
  A basilisk (D)
  2 steam dragons (D)
  4 vampire mosquitoes (D)
  Menkaure (D)
  A warg (D)
  An orc warrior (D)
  An ogre (D)
  A kobold brigand (D)
  2 gnoll sergeants (D)
  3 killer bees (D)
  A crimson imp (D)
  2 orc priests (D)
  A hell rat (D)
  2 mummies (D)
  3 adders (D)
  10 gnolls (D)
  A river rat (D)
  2 white imps (D)
  An ufetubus (D)
  A worm (D)
  An adder simulacrum (D)
  6 orcs (D)
  2 bats (D)
  A bat skeleton (D)
  A bat zombie (D)
  An endoplasm (D)
  A giant cockroach (D)
  2 jackals (D)
  A quokka (D)
  A ball python (D)
  A ball python simulacrum (D)
  A ball python zombie (D)
  A goblin (D)
  A rat (D)
105 creatures vanquished.

Vanquished Creatures (collateral kills)
  Psyche (D)
  A rime drake (D)
  A shadow (D)
  A water elemental (D)
  A yak (D)
  A water moccasin (D)
  A quasit (D)
  A gnoll (D)
  A quokka zombie (D)
  A rat (D)
10 creatures vanquished.

Vanquished Creatures (others)
  A merfolk (D)
1 creature vanquished.

Grand Total: 116 creatures vanquished

Notes
Turn   | Place    | Note
-------+----------+-------------------------------------------
     0 | D        | sircluck the Troll Berserker began the quest for the Orb.
     0 | D        | Reached XP level 1. HP: 22/22 MP: 0/0
   114 | D        | Noticed a dream sheep
   130 | D        | Killed a dream sheep
   131 | D        | Reached skill level 5 in Fighting
   131 | D        | Reached skill level 5 in Dodging
   131 | D        | Reached skill level 7 in Unarmed Combat
   131 | D        | Reached XP level 2. HP: 22/36 MP: 1/1
   131 | D        | Reached XP level 3. HP: 27/44 MP: 2/2
   131 | D        | Reached XP level 4. HP: 32/52 MP: 3/3
   131 | D        | Reached XP level 5. HP: 37/59 MP: 4/4
   156 | D        | Noticed a dream sheep
   157 | D        | Noticed a dream sheep
   157 | D        | Noticed a dream sheep
   162 | D        | Killed a dream sheep
   163 | D        | Reached skill level 8 in Unarmed Combat
   163 | D        | Reached XP level 6. HP: 71/71 MP: 5/5
   163 | D        | Noticed a dream sheep
   163 | D        | Noticed a dream sheep
   163 | D        | Noticed a yak
   163 | D        | Noticed a yak
   163 | D        | Noticed a yak
   163 | D        | Noticed a yak
   163 | D        | Noticed a yak
   164 | D        | Noticed a steam dragon
   165 | D        | Killed a dream sheep
   165 | D        | Reached ** piety under Trog
   166 | D        | Reached skill level 9 in Unarmed Combat
   166 | D        | Reached XP level 7. HP: 63/79 MP: 6/6
   168 | D        | Killed a dream sheep
   169 | D        | Reached skill level 10 in Unarmed Combat
   170 | D        | Killed a dream sheep
   172 | D        | Killed a dream sheep
   172 | D        | Reached *** piety under Trog
   173 | D        | Reached XP level 8. HP: 92/92 MP: 7/7
   177 | D        | Reached skill level 11 in Unarmed Combat
   186 | D        | Reached **** piety under Trog
   187 | D        | Reached skill level 10 in Fighting
   193 | D        | Reached skill level 10 in Dodging
   197 | D        | Reached skill level 12 in Unarmed Combat
   396 | D        | Found a bloodstained altar of Trog.
   396 | D        | Found a shimmering blue altar of Sif Muna.
   396 | D        | Found a viscous altar of Jiyva.
   396 | D        | Found a hazy altar of Hepliaklqana.
   396 | D        | Found an opulent altar of Gozag.
   397 | D        | Found a glowing golden altar of the Shining One.
   397 | D        | Found a glowing silver altar of Zin.
   397 | D        | Found a basalt altar of Yredelemnul.
   397 | D        | Found a shimmering altar of Xom.
   397 | D        | Found an ornate altar of the Wu Jian Council.
   397 | D        | Found a sacrificial altar of Ru.
   397 | D        | Found a stormy altar of Qazlal.
   397 | D        | Found an iron altar of Okawaru.
   397 | D        | Found a sparkling altar of Nemelex Xobeh.
   397 | D        | Found a burning altar of Makhleb.
   397 | D        | Found a blossoming altar of Fedhas.
   397 | D        | Found a white marble altar of Elyvilon.
   397 | D        | Found a shadowy altar of Dithmenos.
   397 | D        | Found a snail-covered altar of Cheibriados.
   399 | D        | Found a radiant altar of Vehumet.
   399 | D        | Found a corrupted altar of Lugonu.
   400 | D        | Found a hide-covered altar of Uskayaw.
   400 | D        | Found an ancient bone altar of Kikubaaqudgha.
   400 | D        | Found a broken altar of Ashenzari.
   435 | D        | Reached ***** piety under Trog
   441 | D        | Reached XP level 9. HP: 101/102 MP: 8/8
   456 | D        | Received a gift from Trog
   548 | D        | Reached ****** piety under Trog
   548 | D        | Received a gift from Trog
   648 | D        | Received a gift from Trog
   652 | D        | Noticed Menkaure
   662 | D        | Killed Menkaure
   675 | D        | Noticed Joseph
   687 | D        | Reached skill level 13 in Unarmed Combat
   691 | D        | Received a gift from Trog
   714 | D        | Killed Joseph
   903 | D        | Noticed an elephant
   913 | D        | Killed an elephant
   914 | D        | Reached skill level 14 in Unarmed Combat
   914 | D        | Reached XP level 10. HP: 112/115 MP: 9/9
   934 | D        | Noticed an elephant
   942 | D        | Killed an elephant
   944 | D        | Received a gift from Trog
   980 | D        | Received a gift from Trog
  1120 | D        | Noticed a phantasmal warrior
  1120 | D        | Noticed a phantasmal warrior
  1120 | D        | Noticed a phantasmal warrior
  1124 | D        | Killed a phantasmal warrior
  1125 | D        | Reached skill level 15 in Unarmed Combat
  1129 | D        | Killed a phantasmal warrior
  1134 | D        | Killed a phantasmal warrior
  1179 | D        | Noticed a black mamba
  1182 | D        | Noticed a demonic crawler
  1187 | D        | Killed a black mamba
  1187 | D        | Received a gift from Trog
  1195 | D        | Killed a demonic crawler
  1196 | D        | Reached XP level 11. HP: 13/127 MP: 10/10
  1197 | D        | HP: 8/192 [something (5)]
  1263 | D        | Noticed a necromancer
  1268 | D        | Received a gift from Trog
  1274 | D        | Reached skill level 16 in Unarmed Combat
  1284 | D        | Killed a necromancer
  1285 | D        | Received a gift from Trog
  1352 | D        | Noticed Psyche
  1352 | D        | Noticed a merfolk aquamancer
  1353 | D        | Noticed an orc knight
  1364 | D        | Killed Psyche
  1364 | D        | Received a gift from Trog
  1379 | D        | Killed a merfolk aquamancer
  1379 | D        | Received a gift from Trog
  1382 | D        | Reached skill level 17 in Unarmed Combat
  1392 | D        | Killed an orc knight
  1392 | D        | HP: 6/196 [orc warrior/+0 flail[an orc knight] (11)]
  1398 | D        | HP: 5/196 [fire bat (6)]
  1415 | D        | Received a gift from Trog
  1670 | D        | Noticed a minotaur
  1692 | D        | Killed a minotaur
  1693 | D        | Reached skill level 15 in Fighting
  1693 | D        | Received a gift from Trog
  1773 | D        | Reached skill level 15 in Dodging
  1803 | D        | Noticed a catoblepas
  1840 | D        | HP: 4/132 [catoblepas (10)]
  1845 | D        | Slain by a catoblepas

Illustrated notes

Levels and vault maps discovered:
D:        pitsprint [storerooms_1, entrance_room_1, metal_vault_1, armoury_3,
          mini_pit_1, grid_room_1, main_hall_1, silver_pit, the_coven_3,
          the_vestibule_1, steel_vault_3, golden_pit, hallway_of_sentries,
          crystal_vault_3, iron_vault_1, final_vault]

Skill      XL: |  1  2  3  4  5  6  7  8  9 10 11 |
---------------+----------------------------------+-----
Fighting       | 5 7 9 10 12 13 15 | 15.1
Dodging        | 5 7 9 10 11 13 15 | 15.0
Unarmed Combat | 7 8 9 10 12 14 15 17 | 17.5

Action                     |  1- 3 |  4- 6 |  7- 9 | 10-12 || total
---------------------------+-------+-------+-------+-------++-------
  Melee: Unarmed           |     3 |     5 |   117 |   152 ||   277
         Punch             |     1 |     1 |     3 |     9 ||    14
 Invoke: Berserk           |       |       |     2 |     3 ||     5
         Brothers in Arms  |       |       |       |     3 ||     3
    Use: Potion            |       |       |     1 |    10 ||    11
         Scroll            |       |       |     1 |       ||     1
   Stab: Invisible         |       |       |       |     2 ||     2
 Armour: Animal skin       |     2 |     2 |    78 |    44 ||   126
         Troll leather arm |       |       |       |   172 ||   172
         Skin              |       |       |       |     2 ||     2
  Dodge: Dodged            |     1 |     1 |    70 |   114 ||   186

Table legend: (Time is in decaauts)
 A = Elapsed time spent in this place.
 B = Non-inter-level travel time spent in this place.
 C = Inter-level travel time spent in this place.
 D = Time resting spent in this place.
 E = Time spent auto-exploring this place.
 F = Levels seen in this place.
 G = Mean time per level.
                   A        B        C        D        E       F      G
               +--------+--------+--------+--------+--------+-----+--------+
         Total |   1818 |   1684 |    134 |    600 |    172 |   1 | 1818.0 |
       Dungeon |   1818 |   1684 |    134 |    600 |    172 |   1 | 1818.0 |
               +--------+--------+--------+--------+--------+-----+--------+

Top non-repeatable levels by time:
       D: 1818 daAuts
